 Dungeon Crawl Stone Soup version 0.24.0-13-gcf9b3192b9 (webtiles) character file.

Game seed: 8463021132636993559, levelgen mode: deterministic

23395 inmateoo the Cleaver (level 13, -13/103 HPs)
             Began as a Human Berserker on Nov 5, 2019.
             Was a High Priest of Trog.
             Mangled by a tyrant leech (22 damage)
             ... on level 14 of the Dungeon.
             The game lasted 00:17:49 (16952 turns).

inmateoo the Cleaver (Human Berserker)             Turns: 16952, Time: 00:17:49

Health: -13/103    AC: 18    Str: 21    XL:     13   Next: 34%
Magic:  0/1        EV: 18    Int:  8    God:    Trog [*****.]
Gold:   882        SH:  0    Dex: 21    Spells: 12/12 levels left

rFire    . . .     SeeInvis .   L - +4 executioner's axe (antimagic)
rCold    + . .     Gourm    .   (shield currently unavailable)
rNeg     . . .     Faith    .   E - +3 ring mail "Woelib" {rElec rCorr MP-9 Dex+7}
rPois    .         Spirit   +   y - +1 helmet
rElec    +         Reflect  .   t - scarf {Spirit}
rCorr    +         Harm     .   x - +1 pair of gloves
MR       .....                  k - +2 pair of boots {run}
Stlth    ++........             a - amulet of regeneration
HPRegen  0.67/turn              h - ring of stealth
MPRegen  0.07/turn              O - ring of protection from cold

@: quick
A: no striking features
a: Berserk, Trog's Hand, Brothers in Arms, Renounce Religion


You were on level 14 of the Dungeon.
You worshipped Trog.
Trog was extremely pleased with you.
You were very hungry.

You visited 1 branch of the dungeon, and saw 14 of its levels.

You collected 882 gold pieces.

Inventory:

Hand Weapons
 B - a +1 trident
 G - a +0 war axe
 L - a +4 antimagic executioner's axe (weapon)
 M - a +0 battleaxe of freezing
Armour
 k - a +2 pair of boots of running (worn)
 t - a scarf of spirit shield (worn)
 x - a +1 pair of gloves (worn)
 y - a +1 helmet (worn)
 E - the +3 ring mail "Woelib" (worn) {rElec rCorr MP-9 Dex+7}
   (You found it on level 6 of the Dungeon)

   It affects your dexterity (+7).
   It insulates you from electricity.
   It affects your magic capacity (-9).
   It provides partial protection from all sources of acid and corrosion.
 I - a +2 shield of protection
Jewellery
 a - an amulet of regeneration (around neck)
 h - a ring of stealth (left hand)
 J - an uncursed amulet of harm {unknown}
 N - the ring of Necej {Fire +Blink rElec Int-2}
   (You took it off a frost giant on level 13 of the Dungeon)

   [ring of fire]

   It enhances your fire magic.
   It affects your intelligence (-2).
   It protects you from fire.
   It makes you vulnerable to cold.
   It insulates you from electricity.
   It lets you blink.
 O - a ring of protection from cold (right hand)
Wands
 e - a wand of paralysis (13)
 r - a wand of polymorph (4)
 C - a wand of flame (16)
 F - a wand of random effects (102)
 K - a wand of clouds (5)
Scrolls
 f - 2 scrolls of teleportation
 g - 2 scrolls of fog
 i - 2 scrolls of identify
 j - 12 scrolls of remove curse
 A - a scroll of enchant weapon
 H - 4 scrolls of magic mapping
Potions
 b - 6 potions of curing
 d - 4 potions of heal wounds
 l - 3 potions of agility {unknown}
 n - 3 potions of ambrosia {unknown}
 o - 3 potions of lignification {unknown}
 p - 4 potions of might {unknown}
 q - 7 potions of haste
 s - 2 potions of brilliance {unknown}
 u - 2 potions of invisibility
 v - a potion of mutation {unknown}
 w - a potion of resistance
 z - a potion of degeneration {unknown}
 D - 2 potions of berserk rage
Miscellaneous
 m - 2 boxes of beasts
Comestibles
 c - 40 rations


   Skills:
 - Level 10.0 Fighting
 * Level 13.4(14.0) Axes
 - Level 7.0(11.2) Polearms
 - Level 9.0 Armour
 - Level 9.0 Dodging


You had 12 spell levels left.
You didn't know any spells.
Your spell library was empty.

Dungeon Overview and Level Annotations

Branches:
Dungeon (14/15)            Temple (0/1) D:5            Lair (0/6) D:10
    Orc (0/2) D:9
 Vaults: D:13-14

Altars:
Cheibriados
Dithmenos
Elyvilon
Fedhas
Gozag
Kikubaaqudgha
Makhleb
Okawaru
Sif Muna
Uskayaw
Wu Jian
The Shining One

Shops:
D:4 (   D:5 =   D:10 !}

Portals:
Trove: D:11 (give 8 potions of haste)

Annotations:
D:11 3 runed translucent doors, Yphutt's ghost, journeyman GnSk


Message History

You slash the tyrant leech!
The tyrant leech is almost dead.
The tyrant leech bites you.
The tyrant leech draws strength from your injuries!
Unknown command.
You barely miss the tyrant leech.
The tyrant leech is almost dead.
The tyrant leech bites you.
The tyrant leech draws strength from your injuries!
Unknown command.
You miss the tyrant leech.
The tyrant leech is almost dead.
The tyrant leech bites you!!
* * * LOW HITPOINT WARNING * * *
The tyrant leech draws strength from your injuries!
Unknown command.
You slash the tyrant leech!
The tyrant leech is almost dead.
The tyrant leech bites you!!
You die...

.# .# .####
.##.#########
.#...##.....######
......#.###...>..#
........# #.####.#
###.###.###.# #.#
#.# #..^..# #@#
#.# ####### #w#
#+# #(# ####)#
#..†.# #.#### #.
.. ##


You could see a tyrant leech.

Vanquished Creatures
  2 hydras
  4 two-headed ogres
  A centaur warrior (D:14)
  An unseen horror (D:12)
  A deep elf mage (D:12)
  3 ugly things (D:11)
  A centaur skeleton (D:13)
  A yaktaur (shapeshifter) (D:13)
  2 kobold demonologists (D:11)
  2 trolls
  A tyrant leech (D:14)
  A hornet (D:12)
  2 dream sheep (D:8)
  2 wraiths
  12 yaks
  A wyvern (D:9)
  Grum (D:10)
  A hungry ghost (D:8)
  A vampire mosquito (D:14)
  A two-headed ogre zombie (D:9)
  A soldier ant (D:13)
  A water moccasin (D:10)
  A sky beast (D:12)
  A necrophage (D:8)
  2 orc warriors
  4 ice beasts
  9 centaurs
  10 ogres
  3 phantoms (D:9)
  A wolf (D:10)
  7 big kobolds
  6 bullfrogs
  2 gnoll sergeants
  A water moccasin zombie (D:9)
  A scorpion (D:6)
  4 troll zombies (D:9)
  12 killer bees
  8 wights
  5 electric eels
  2 howler monkeys
  5 crimson imps
  2 bullfrog skeletons
  4 bullfrog zombies
  5 hounds
  6 jellies
  3 iguanas
  6 orc priests
  8 orc wizards
  A gnoll shaman (D:7)
  Jessica (D:2)
  8 worker ants
  2 hell rats (D:8)
  A bullfrog simulacrum (D:9)
  3 ogre zombies (D:9)
  2 hound skeletons (D:9)
  14 gnolls
  5 river rats (D:8)
  13 adders
  5 shadow imps
  3 oozes
  An adder skeleton (D:8)
  4 worms
  A dart slug (D:3)
  8 leopard geckos
  38 orcs
  A giant cockroach (D:2)
  5 goblins
  3 hobgoblins
  4 jackals
  30 kobolds
  11 quokkas
  A ball python (D:4)
  11 bats
  8 frilled lizards
  2 goblin skeletons (D:9)
  3 goblin zombies (D:9)
  A hobgoblin skeleton (D:9)
  2 hobgoblin zombies (D:9)
  2 leopard gecko skeletons
  A leopard gecko zombie (D:5)
  An orc skeleton (D:9)
  16 orc zombies (D:9)
  24 rats
397 creatures vanquished.

Vanquished Creatures (collateral kills)
  Frances (D:13)
  A frost giant (D:13)
  2 two-headed ogres (D:13)
  A slime creature (D:12)
  2 ugly things
  3 cyclopes (D:13)
  10 yaks
  A water elemental (D:13)
  5 ogres (D:13)
  3 wolves (D:10)
  A killer bee (D:11)
  An orc (D:13)
31 creatures vanquished.

Vanquished Creatures (others)
  3 jackals (D:10)
  2 plants (D:13)
5 creatures vanquished.

Grand Total: 433 creatures vanquished

Notes
Turn   | Place    | Note
-------+----------+-------------------------------------------
     0 | D:1      | inmateoo the Human Berserker began the quest for the Orb.
     0 | D:1      | Reached XP level 1. HP: 18/18 MP: 1/1
   167 | D:1      | Reached XP level 2. HP: 24/24 MP: 2/2
   508 | D:1      | Reached ** piety under Trog
   686 | D:2      | Reached XP level 3. HP: 28/29 MP: 3/3
   968 | D:2      | Reached XP level 4. HP: 33/37 MP: 4/4
  1417 | D:2      | Found a blossoming altar of Fedhas.
  1430 | D:2      | Noticed Jessica
  1452 | D:2      | Killed Jessica
  1757 | D:3      | Reached XP level 5. HP: 37/42 MP: 5/5
  2841 | D:3      | Found a burning altar of Makhleb.
  3313 | D:4      | Reached XP level 6. HP: 49/49 MP: 6/6
  3571 | D:4      | Found Hehem's Weapon Shop.
  3713 | D:4      | Reached *** piety under Trog
  3926 | D:5      | Entered Level 5 of the Dungeon
  4000 | D:5      | Found a staircase to the Ecumenical Temple.
  4075 | D:5      | Found Somoah's Jewellery Shoppe.
  4075 | D:5      | Noticed an ice beast
  4303 | D:5      | Reached skill level 5 in Fighting
  4369 | D:5      | Noticed an ogre
  4383 | D:5      | HP: 1/51 [ogre/+0 giant club (17)]
  4385 | D:5      | Killed an ogre
  4385 | D:5      | Reached skill level 5 in Polearms
  4385 | D:5      | Reached XP level 7. HP: 2/56 MP: 0/7
  5213 | D:6      | Reached XP level 8. HP: 64/64 MP: 5/8
  5422 | D:6      | Found a shimmering blue altar of Sif Muna.
  5806 | D:6      | Got a distressingly furry ring mail
  5817 | D:6      | Identified the +3 ring mail "Woelib" {rElec rCorr MP-9
                  | Dex+7} (You found it on level 6 of the Dungeon)
  5988 | D:6      | Found an opulent altar of Gozag.
  6520 | D:7      | Reached skill level 5 in Armour
  6520 | D:7      | Reached skill level 5 in Dodging
  6520 | D:7      | Reached XP level 9. HP: 71/71 MP: 0/9
  7026 | D:7      | Reached **** piety under Trog
  7027 | D:7      | Received a gift from Trog
  7243 | D:7      | Reached skill level 1 in Axes
  7877 | D:8      | Reached skill level 2 in Axes
  8009 | D:8      | Reached skill level 3 in Axes
  8009 | D:8      | Reached XP level 10. HP: 29/79 MP: 1/10
  8020 | D:8      | Reached skill level 4 in Axes
  8392 | D:8      | Noticed a three-headed hydra
  8402 | D:8      | Killed a three-headed hydra
  8402 | D:8      | Reached skill level 5 in Axes
  8697 | D:8      | Found an ancient bone altar of Kikubaaqudgha.
  8707 | D:8      | Found a glowing golden altar of the Shining One.
  9409 | D:9      | Reached ***** piety under Trog
  9519 | D:9      | Reached skill level 6 in Axes
  9783 | D:9      | Found a staircase to the Orcish Mines.
  9883 | D:9      | Reached XP level 11. HP: 87/87 MP: 2/11
  9924 | D:9      | Found a white marble altar of Elyvilon.
 10080 | D:9      | Found a snail-covered altar of Cheibriados.
 10441 | D:9      | Noticed a +0 hand axe
 10442 | D:9      | Noticed a +0 dagger
 10443 | D:9      | Found a hide-covered altar of Uskayaw.
 10484 | D:9      | Found an ornate altar of the Wu Jian Council.
 10619 | D:9      | Found an iron altar of Okawaru.
 10976 | D:10     | Entered Level 10 of the Dungeon
 11053 | D:10     | Reached skill level 7 in Axes
 11463 | D:10     | Found Ituleq's Gadget Boutique.
 11611 | D:10     | Noticed Grum
 11634 | D:10     | Killed Grum
 12200 | D:10     | Reached skill level 8 in Axes
 12332 | D:10     | Found Doneu's Distillery.
 12418 | D:10     | Found a staircase to the Lair.
 13043 | D:11     | Found a portal to a secret trove of treasure.
 13177 | D:11     | Noticed a green ugly thing
 13183 | D:11     | Noticed a red ugly thing
 13188 | D:11     | Killed a green ugly thing
 13200 | D:11     | Killed a red ugly thing
 13642 | D:11     | Noticed a cyan ugly thing
 13718 | D:11     | Killed a cyan ugly thing
 13718 | D:11     | Reached XP level 12. HP: 96/96 MP: 1/12
 13723 | D:11     | You fall into a shaft and drop 1 floor!
 13886 | D:11     | Found a runed translucent gate.
 13895 | D:11     | Reached skill level 9 in Axes
 13955 | D:11     | Found a runed translucent gate.
 13956 | D:11     | Found a runed translucent gate.
 14339 | D:11     | Noticed Yphutt's ghost (journeyman GnSk)
 14470 | D:12     | Noticed a two-headed ogre
 14507 | D:12     | Killed an unseen horror
 14509 | D:12     | Killed a two-headed ogre
 14509 | D:12     | Reached skill level 10 in Fighting
 14947 | D:12     | Reached skill level 10 in Axes
 15003 | D:12     | Received a gift from Trog
 15167 | D:13     | Noticed a seven-headed hydra
 15174 | D:13     | Killed a seven-headed hydra
 15334 | D:13     | Noticed a two-headed ogre
 15336 | D:13     | Noticed a two-headed ogre
 15350 | D:13     | Killed a two-headed ogre
 15350 | D:13     | Reached skill level 11 in Axes
 15369 | D:13     | Killed a two-headed ogre
 15549 | D:13     | Identified the ring of Necej {Fire +Blink rElec Int-2}
 15549 | D:13     | Noticed a frost giant
 15551 | D:13     | Noticed a two-headed ogre
 15561 | D:13     | Killed a frost giant
 15571 | D:13     | Noticed a two-headed ogre
 15580 | D:13     | Killed a two-headed ogre
 15585 | D:13     | Reached XP level 13. HP: 92/103 MP: 4/13
 15592 | D:13     | Reached skill level 12 in Axes
 15702 | D:13     | Identified a scroll of acquirement
 15721 | D:13     | Identified a +1 pair of boots of running (You acquired it
                  | on level 13 of the Dungeon)
 15763 | D:13     | Found a shadowy altar of Dithmenos.
 16219 | D:13     | Noticed Frances
 16222 | D:13     | Found an ancient bone altar of Kikubaaqudgha.
 16245 | D:13     | Killed Frances
 16333 | D:13     | Reached skill level 13 in Axes
 16889 | D:14     | Noticed a centaur warrior
 16903 | D:14     | Killed a centaur warrior
 16952 | D:14     | Mangled by a tyrant leech

Levels and vault maps discovered:
D:1:      scummos_arrival_simple_fountains, layout_rooms
D:2:      layout_basic, fedhas_altar_2, uniq_jessica
D:3:      layout_basic, bloody_makhleb
D:4:      layout_cave_pools, first_ration, serial_shops, shop
D:5:      layout_loops_ring, minmay_temple_entry_slanted,
          kennysheep_windowed_goal
D:6:      layout_rooms, nicolae_overflow_hidden_temple, grunt_gozag_breadcrumbs,
          lemuel_doored_altar
D:7:      layout_gridville
D:8:      lemuel_ratsnest, layout_loops_corners, lemuel_crystal_altar,
          kennysheep_mini_moat, hangedman_ranch [blue_anna_fruit_fields]
D:9:      layout_basic, marbit_many_paths, dancing_weapons_uskayaw,
          elyvilon_altar_5, lemuel_coloured_pillars_altar, zombieorc2_lemuel,
          basic_altar, minmay_diamond_spiral
D:10:     layout_basic, lair_entry_dummy, serial_shops, nicolae_shop_waterfront,
          kennysheep_mini, uniq_grum
D:11:     layout_big_octagon, nicolae_trove_entry_crossroad,
          gammafunk_ghost_necromancy, chequers_hall_statues_wall_a,
          palyth_stone_intersect
D:12:     layout_basic, solitary_fountain
D:13:     cheibrodos_monumental, layout_basic, basic_altar,
          lemuel_centaur_altar, uniq_frances
D:14:     layout_loops_corners, david_vaults_4, minmay_misc_feat_plants,
          minmay_guarded_unrand_vampires_tooth

Skill      XL: |  1  2  3  4  5  6  7  8  9 10 11 12 13 |
---------------+----------------------------------------+-----
Fighting       | 4 5 6 7 8 9 10 | 10.0
Polearms       | 4 5 6 7 |  7.0
Armour         | 3 5 6 7 8 9 |  9.0
Dodging        | 3 5 6 7 8 9 |  9.0
Axes           | 3 6 8 11 13 | 13.4

Action                   |  1- 3 |  4- 6 |  7- 9 | 10-12 | 13-15 || total
-------------------------+-------+-------+-------+-------+-------++-------
Melee: Spear             |    98 |   278 |       |       |       ||   376
       Trident           |       |    17 |   413 |  1108 |   173 ||  1711
       Executioner's axe |       |       |       |       |    19 ||    19
Invok: Berserk           |       |     2 |     5 |    13 |       ||    20
       Trog's Hand       |       |       |     1 |     5 |       ||     6
       Brothers in Arms  |       |       |       |     6 |     1 ||     7
Evoke: Wand              |       |       |       |     8 |     2 ||    10
  Use: Scroll            |       |       |    10 |     5 |     2 ||    17
 Stab: Sleeping          |       |       |     1 |     5 |       ||     6
       Distracted        |       |       |       |     3 |     2 ||     5
  Eat: Chunk             |       |    12 |    16 |    24 |     3 ||    55
       Ration            |       |       |     4 |     4 |       ||     8
Armor: Animal skin       |     1 |       |       |       |       ||     1
       Ring mail         |    13 |    69 |   112 |   272 |    42 ||   508
Dodge: Dodged            |    34 |   124 |   225 |   808 |   111 ||  1302
Block: Other             |     9 |    29 |    32 |    91 |       ||   161
       Reflection        |     1 |     1 |     1 |     1 |       ||     4
